[ AOE2 MATCH · #495321779 ]
UnrankedBerbers vs Saracens
Player's team · LOSS
Rival team · WIN
[ REPLAY ANALYSIS · EXTRACTED FROM THE RECORDED GAME ]
Feudal
9:16
Castle
19:46
Imperial
—
| APM avg | 82.4 |
| APM peak | 115 |
| eAPM avg | 34.6 |
| Villagers / military | 128 / 98 |
Focus
⚔️ 51.9% · 🌾 48.1%
Camel Scout ×43 · Skirmisher ×16 · Genitour ×13 · Archer ×10 · Knight ×8 · Monk ×4
Feudal
8:53
Castle
20:05
Imperial
—
| APM avg | 110.1 |
| APM peak | 192 |
| eAPM avg | 68.6 |
| Villagers / military | 151 / 107 |
Focus
⚔️ 75.5% · 🌾 24.5%
Camel Scout ×73 · Skirmisher ×14 · Monk ×12 · Archer ×6 · Spearman ×2
Match map
Initial resources + every placement click. Lines = walls · curves = elevation contours. ◆ gold · ⬟ stone · ● berries · ✦ relic · ◌ wall gap
Your base· Open — opponent sealed themselves in
DS_Overtaken's base· ✓ Closed at 20:05 · 22t walls · no gate
Smoothed initial terrain · ◌ = detected wall gap · hover for details
Inputs per minute
— Tacacá - - DS_Overtaken
Build order — Tacacá
First 150 of 394 actions detected
| 0:01 | Queue | Villager (Male) ×4 |
| 0:02 | Build | House |
| 0:02 | Build | House |
| 1:36 | Queue | Villager (Male) |
| 1:37 | Queue | Villager (Male) |
| 1:46 | Build | Lumber Camp |
| 1:54 | Queue | Villager (Male) |
| 1:54 | Queue | Villager (Male) |
| 2:12 | Queue | Villager (Male) |
| 2:12 | Queue | Villager (Male) |
| 2:39 | Queue | Villager (Male) |
| 2:39 | Queue | Villager (Male) |
| 3:19 | Queue | Villager (Male) |
| 3:19 | Queue | Villager (Male) |
| 3:19 | Queue | Villager (Male) |
| 3:19 | Queue | Villager (Male) |
| 3:53 | Build | House |
| 4:02 | Queue | Villager (Male) |
| 4:02 | Queue | Villager (Male) |
| 4:21 | Build | Mill |
| 4:39 | Queue | Villager (Male) |
| 4:40 | Queue | Villager (Male) |
| 4:40 | Queue | Villager (Male) |
| 5:45 | Queue | Villager (Male) |
| 5:47 | Research | Loom |
| 6:49 | Build | House |
| 7:02 | Research | Feudal Age |
| 7:02 | Research | Feudal Age |
| 7:34 | Build | Lumber Camp |
| 8:24 | Build | Barracks |
| 8:30 | Build | House |
| 8:59 | Queue | Villager (Male) |
| 9:00 | Queue | Villager (Male) |
| 9:16 | Age | Feudal Age |
| 9:18 | Build | Archery Range |
| 9:20 | Research | Double-Bit Axe |
| 9:42 | Queue | Villager (Male) |
| 9:45 | Queue | Spearman |
| 9:52 | Build | House |
| 9:56 | Queue | Villager (Male) |
| 9:57 | Queue | Villager (Male) |
| 10:06 | Queue | Skirmisher |
| 10:21 | Queue | Archer |
| 10:36 | Build | Mining Camp |
| 10:43 | Build | Farm |
| 10:43 | Build | Farm |
| 10:54 | Queue | Skirmisher |
| 10:57 | Queue | Villager (Male) |
| 11:06 | Queue | Villager (Male) |
| 11:27 | Build | House |
| 11:31 | Queue | Archer |
| 11:32 | Queue | Archer |
| 11:32 | Queue | Archer |
| 11:36 | Build | Market |
| 11:43 | Queue | Villager (Male) |
| 11:48 | Build | Farm |
| 12:04 | Queue | Archer |
| 12:26 | Build | Farm |
| 12:33 | Queue | Villager (Male) |
| 12:33 | Queue | Villager (Male) |
| 12:39 | Build | Blacksmith |
| 12:43 | Queue | Archer |
| 12:44 | Queue | Archer |
| 13:05 | Build | Farm |
| 13:17 | Queue | Villager (Male) |
| 13:19 | Queue | Archer |
| 13:27 | Research | Fletching |
| 13:27 | Research | Fletching |
| 13:30 | Build | House |
| 13:37 | Queue | Villager (Male) |
| 13:39 | Build | Farm |
| 13:41 | Build | Farm |
| 13:51 | Queue | Archer |
| 14:00 | Build | House |
| 14:09 | Queue | Villager (Male) |
| 14:28 | Build | Farm |
| 14:38 | Queue | Skirmisher |
| 14:40 | Queue | Villager (Male) |
| 14:43 | Build | Farm |
| 14:55 | Queue | Villager (Male) |
| 15:10 | Queue | Villager (Male) |
| 15:10 | Queue | Villager (Male) |
| 15:14 | Queue | Skirmisher |
| 15:25 | Queue | Skirmisher |
| 15:39 | Build | House |
| 15:58 | Queue | Villager (Male) |
| 16:00 | Queue | Skirmisher |
| 16:19 | Queue | Villager (Male) |
| 16:26 | Build | Farm |
| 16:29 | Build | Farm |
| 16:30 | Build | Farm |
| 16:37 | Queue | Skirmisher |
| 16:38 | Research | Padded Archer Armor |
| 16:38 | Research | Padded Archer Armor |
| 17:06 | Research | Castle Age |
| 17:07 | Research | Castle Age |
| 17:07 | Research | Castle Age |
| 17:08 | Queue | Skirmisher |
| 17:16 | Build | House |
| 17:45 | Queue | Archer |
| 17:52 | Queue | Skirmisher |
| 17:52 | Queue | Skirmisher |
| 18:00 | Build | House |
| 18:01 | Research | Gold Mining |
| 18:02 | Research | Horse Collar |
| 18:02 | Research | Horse Collar |
| 18:07 | Build | Farm |
| 18:08 | Build | Farm |
| 18:09 | Build | Farm |
| 18:10 | Build | Farm |
| 18:29 | Queue | Skirmisher |
| 18:29 | Queue | Skirmisher |
| 18:30 | Queue | Skirmisher |
| 19:03 | Build | Stable |
| 19:14 | Build | House |
| 19:25 | Queue | Skirmisher |
| 19:46 | Age | Castle Age |
| 19:48 | Queue | Villager (Male) |
| 19:50 | Research | Bodkin Arrow |
| 19:50 | Research | Bodkin Arrow |
| 19:54 | Queue | Knight |
| 19:54 | Queue | Knight |
| 20:03 | Queue | Genitour |
| 20:04 | Queue | Genitour |
| 20:05 | Build | Farm |
| 20:05 | Build | Farm |
| 20:13 | Queue | Villager (Male) |
| 20:15 | Build | Farm |
| 20:18 | Research | Scale Barding Armor |
| 20:18 | Research | Scale Barding Armor |
| 20:27 | Build | Farm |
| 20:32 | Build | House |
| 20:33 | Build | House |
| 20:36 | Build | House |
| 20:38 | Queue | Villager (Male) |
| 20:40 | Build | Farm |
| 21:01 | Research | Bow Saw |
| 21:01 | Research | Bow Saw |
| 21:02 | Queue | Villager (Male) |
| 21:03 | Queue | Knight |
| 21:03 | Queue | Knight |
| 21:12 | Queue | Skirmisher |
| 21:14 | Queue | Genitour |
| 21:18 | Queue | Villager (Male) |
| 21:34 | Queue | Knight |
| 21:37 | Queue | Genitour |
| 21:44 | Queue | Villager (Male) |
| 21:45 | Build | Farm |
| 21:48 | Build | Farm |
| 21:50 | Build | House |
Build order — DS_Overtaken
First 150 of 409 actions detected
| 0:00 | Queue | Villager (Male) |
| 0:01 | Queue | Villager (Male) |
| 0:01 | Queue | Villager (Male) |
| 0:02 | Build | House |
| 0:03 | Build | House |
| 0:08 | Queue | Villager (Male) |
| 0:09 | Queue | Villager (Male) |
| 1:27 | Queue | Villager (Male) |
| 1:50 | Build | Lumber Camp |
| 1:58 | Queue | Villager (Male) |
| 2:20 | Queue | Villager (Male) |
| 2:28 | Queue | Villager (Male) |
| 3:18 | Queue | Villager (Male) |
| 3:29 | Queue | Villager (Male) |
| 3:37 | Build | House |
| 4:01 | Build | Palisade Wall |
| 4:03 | Build | Palisade Wall |
| 4:08 | Queue | Villager (Male) |
| 4:31 | Queue | Villager (Male) |
| 4:38 | Build | Mill |
| 4:50 | Queue | Villager (Male) |
| 5:09 | Queue | Villager (Male) |
| 5:09 | Research | Loom |
| 6:14 | Queue | Villager (Male) |
| 6:43 | Research | Feudal Age |
| 6:43 | Research | Feudal Age |
| 6:43 | Research | Feudal Age |
| 6:43 | Research | Feudal Age |
| 7:33 | Build | House |
| 7:36 | Build | House |
| 7:45 | Queue | Villager (Male) |
| 8:24 | Build | Barracks |
| 8:37 | Build | Palisade Wall |
| 8:53 | Age | Feudal Age |
| 8:57 | Research | Double-Bit Axe |
| 8:57 | Research | Double-Bit Axe |
| 9:14 | Queue | Villager (Male) |
| 9:15 | Build | Palisade Wall |
| 9:16 | Build | House |
| 9:19 | Build | Archery Range |
| 9:23 | Queue | Villager (Male) |
| 9:26 | Build | Palisade Wall |
| 9:39 | Build | Market |
| 9:43 | Queue | Spearman |
| 10:01 | Queue | Spearman |
| 10:09 | Queue | Archer |
| 10:12 | Queue | Villager (Male) |
| 10:13 | Build | House |
| 10:14 | Build | Palisade Wall |
| 10:17 | Build | Palisade Wall |
| 10:27 | Build | Farm |
| 10:32 | Queue | Villager (Male) |
| 10:39 | Queue | Skirmisher |
| 10:55 | Build | House |
| 10:58 | Queue | Villager (Male) |
| 11:00 | Queue | Archer |
| 11:06 | Queue | Villager (Male) |
| 11:08 | Build | House |
| 11:09 | Queue | Villager (Male) |
| 11:19 | Build | Palisade Wall |
| 11:26 | Queue | Villager (Male) |
| 11:39 | Build | Farm |
| 11:40 | Build | Farm |
| 11:41 | Build | Palisade Wall |
| 11:47 | Build | Palisade Wall |
| 11:50 | Build | Palisade Wall |
| 11:51 | Queue | Archer |
| 11:53 | Build | Palisade Wall |
| 11:56 | Build | Palisade Wall |
| 12:00 | Build | Farm |
| 12:18 | Queue | Archer |
| 12:22 | Build | Mining Camp |
| 12:35 | Queue | Villager (Male) |
| 12:45 | Build | Farm |
| 12:48 | Queue | Skirmisher |
| 13:03 | Queue | Villager (Male) |
| 13:05 | Build | House |
| 13:25 | Queue | Villager (Male) |
| 13:28 | Build | Blacksmith |
| 13:33 | Build | Blacksmith |
| 13:35 | Queue | Skirmisher |
| 13:48 | Queue | Villager (Male) |
| 13:49 | Build | Farm |
| 13:50 | Build | Farm |
| 14:02 | Queue | Skirmisher |
| 14:13 | Build | Farm |
| 14:18 | Queue | Villager (Male) |
| 14:23 | Research | Fletching |
| 14:23 | Research | Fletching |
| 14:24 | Build | House |
| 14:26 | Queue | Skirmisher |
| 14:40 | Queue | Villager (Male) |
| 14:40 | Build | Farm |
| 14:48 | Build | Farm |
| 14:53 | Queue | Archer |
| 15:05 | Research | Padded Archer Armor |
| 15:11 | Queue | Skirmisher |
| 15:11 | Queue | Villager (Male) |
| 15:27 | Queue | Villager (Male) |
| 15:27 | Build | Farm |
| 15:29 | Build | Farm |
| 15:40 | Queue | Archer |
| 16:04 | Queue | Villager (Male) |
| 16:20 | Build | Farm |
| 16:25 | Queue | Skirmisher |
| 16:28 | Queue | Villager (Male) |
| 17:00 | Queue | Villager (Male) |
| 17:20 | Build | Lumber Camp |
| 17:25 | Research | Castle Age |
| 17:25 | Research | Castle Age |
| 17:25 | Research | Castle Age |
| 17:25 | Research | Castle Age |
| 17:46 | Queue | Skirmisher |
| 18:07 | Queue | Skirmisher |
| 18:08 | Research | Horse Collar |
| 18:08 | Research | Horse Collar |
| 18:09 | Research | Horse Collar |
| 18:13 | Build | Farm |
| 18:29 | Queue | Skirmisher |
| 18:47 | Queue | Skirmisher |
| 18:57 | Queue | Skirmisher |
| 19:11 | Build | Farm |
| 19:54 | Queue | Villager (Male) |
| 20:05 | Age | Castle Age |
| 20:07 | Research | Elite Skirmisher (upgrade) |
| 20:07 | Research | Bodkin Arrow |
| 20:08 | Queue | Villager (Male) |
| 20:11 | Queue | Villager (Male) |
| 20:14 | Build | Town Center |
| 20:19 | Build | Monastery |
| 20:22 | Research | Bow Saw |
| 20:22 | Research | Bow Saw |
| 20:29 | Research | Town Watch |
| 20:31 | Queue | Skirmisher |
| 20:50 | Queue | Villager (Male) |
| 21:03 | Build | Palisade Wall |
| 21:04 | Queue | Monk |
| 21:05 | Build | Farm |
| 21:07 | Build | Farm |
| 21:09 | Queue | Villager (Male) |
| 21:23 | Queue | Villager (Male) |
| 21:24 | Queue | Villager (Male) |
| 21:34 | Build | Farm |
| 21:40 | Queue | Villager (Male) |
| 21:46 | Build | Town Center |
| 21:59 | Queue | Villager (Male) |
| 22:01 | Queue | Villager (Male) |
| 22:10 | Queue | Villager (Male) |
| 22:16 | Research | Heavy Plow |
| 22:16 | Research | Heavy Plow |
Match timeline
| 4:01 | DS_Overtaken · wall_segment Palisade Wall x1 |
| 4:03 | DS_Overtaken · wall_segment Palisade Wall x5 |
| 8:24 | Tacacá · first_building Barracks |
| 8:24 | DS_Overtaken · first_building Barracks |
| 8:37 | DS_Overtaken · wall_segment Palisade Wall x4 |
| 8:53 | DS_Overtaken · age_up feudal |
| 9:15 | DS_Overtaken · wall_segment Palisade Wall x1 |
| 9:16 | Tacacá · age_up feudal |
| 9:18 | Tacacá · first_building Archery Range |
| 9:19 | DS_Overtaken · first_building Archery Range |
| 9:26 | DS_Overtaken · wall_segment Palisade Wall x1 |
| 10:14 | DS_Overtaken · wall_segment Palisade Wall x1 |
| 10:17 | DS_Overtaken · wall_segment Palisade Wall x1 |
| 11:00 | DS_Overtaken · first_market_sell 100 stone |
| 11:19 | DS_Overtaken · wall_segment Palisade Wall x4 |
| 11:41 | DS_Overtaken · wall_segment Palisade Wall x1 |
| 11:47 | DS_Overtaken · wall_segment Palisade Wall x1 |
| 11:50 | DS_Overtaken · wall_segment Palisade Wall x1 |
| 11:53 | DS_Overtaken · wall_segment Palisade Wall x1 |
| 11:56 | DS_Overtaken · wall_segment Palisade Wall x1 |
| 12:35 | Tacacá · first_market_sell 500 stone |
| 12:36 | Tacacá · first_market_buy 100 food |
| 16:29 | DS_Overtaken · first_market_buy 100 food |
| 19:03 | Tacacá · first_building Stable |
| 19:46 | Tacacá · age_up castle |
| 20:05 | DS_Overtaken · age_up castle |
| 20:19 | DS_Overtaken · first_building Monastery |
| 21:03 | DS_Overtaken · wall_segment Palisade Wall x1 |
| 24:20 | DS_Overtaken · first_building Stable |
| 25:54 | Tacacá · first_building Siege Workshop |
| 26:28 | Tacacá · first_building Monastery |
| 33:34 | Tacacá · first_building Castle |
| 34:09 | DS_Overtaken · wall_segment Stone Wall x1 |
| 34:24 | DS_Overtaken · wall_segment Stone Wall x1 |
| 34:59 | DS_Overtaken · first_building Castle |
| 35:44 | Tacacá · resign |
[ AI ANALYSIS · 1 CREDIT ]
What really happened in this match?
Wolo.gg analyzes every decision: build order, eco, micro, common mistakes by bracket. Personalized analysis on WhatsApp or Discord in 30 seconds.
Civ guide
Berbers
Perfil
Jugador #18917671